AoeStats
← zelvos

Highland

504367231Analyzed
4v4 RM · 28d ago on Sep 5, 2026· 51m 3s· 8 players
Game mode
Random Map
Map size
Large (8 player)
Population
200
Speed
Normal
Resources
Standard
Victory
Conquest
Starting age
Dark Age
Ending age
Imperial Age
RankedLock teamsTeams togetherTeam positionsShared explorationLock speedFull tech treeHidden civsTurbo modeCheats
Victory
Defeat
🇨🇴 Magyars · Colombia
1058
+13
🇦🇷 Khmer · Argentina
996
+16
🇦🇷 Britons · Argentina
994
+16
🇦🇷 Slavs · Argentina
988
+16
🇺🇸 Inca · United States
1010
-17
🇺🇸 Huns · United States
1003
-18
🇺🇸 Magyars · United States
997
-15
🇺🇸 Saracens · United States
941
-13
ElChupetometro
4:48 Loom
11:24 Feudal Age
12:23 Double-Bit Axe
19:17 Castle Age
17:50 Horse Collar
19:35 Crossbowman
20:19 Gold Mining
22:23 Wheelbarrow
26:14 Town Watch
26:50 Hand Cart
31:50 Imperial Age
29:22 Town Patrol
32:02 Fletching
32:13 Padded Archer Armor
31:36 Elite Skirmisher
32:46 Ballistics
32:37 Masonry
32:23 Murder Holes
32:38 Fortified Wall
33:03 Caravan
33:54 Bow Saw
34:48 Heavy Plow
35:24 Gold Shaft Mining
35:18 Arbalester
36:52 Conscription
36:46 Capped Ram
37:36 Stone Mining
37:41 Pikeman
38:07 Gambesons
40:28 Halberdier
41:08 Squires
40:53 Arson
41:05 Bodkin Arrow
41:25 Leather Archer Armor
41:11 Scale Mail Armor
41:22 Forging
42:38 Elite Longbowman
43:39 Yeomen
44:53 Ring Archer Armor
47:42 Chemistry
47:37 Bracer
47:45 Siege Engineers
49:33 Two-Man Saw
Tio Nacho
11:42 Feudal Age
15:24 Castle Age
13:22 Double-Bit Axe
15:30 Horse Collar
16:15 Bow Saw
15:54 Town Watch
15:58 Loom
26:53 Gold Mining
28:06 Wheelbarrow
28:50 Gold Shaft Mining
29:03 Hand Cart
31:48 Imperial Age
30:58 Scale Barding Armor
31:03 Forging
31:11 Bloodlines
31:02 Husbandry
31:35 Forging
32:33 Elite Battle Elephant
34:27 Conscription
34:14 Tusk Swords
35:28 Chain Barding Armor
35:59 Iron Casting
46:37 Caravan
47:44 Plate Barding Armor
48:11 Blast Furnace
47:40 Spies/Treason
48:57 Light Cavalry
49:57 Hussar
Kryztox9122
5:26 Loom
11:05 Feudal Age
17:07 Double-Bit Axe
20:22 Castle Age
20:02 Stone Mining
19:54 Horse Collar
20:08 Gold Mining
28:01 Fortified Wall
28:49 Man-at-Arms
29:30 Squires
29:44 Fletching
30:09 Masonry
32:00 Gold Shaft Mining
32:19 Wheelbarrow
31:30 Town Watch
32:01 Bloodlines
31:53 Husbandry
31:15 Elite Skirmisher
32:06 Detinets
32:36 Long Swordsman
33:26 Heavy Plow
33:37 Forging
33:32 Scale Barding Armor
37:10 Imperial Age
35:01 Bow Saw
35:20 Ballistics
34:56 Murder Holes
36:24 Pikeman
37:19 Bodkin Arrow
37:26 Scale Mail Armor
38:01 Iron Casting
37:22 Two-Handed Swordsman
37:27 Halberdier
38:20 Caravan
38:47 Hand Cart
39:05 Conscription
39:22 Hoardings
38:10 Champion
39:13 Capped Ram
42:06 Two-Man Saw
42:44 Crop Rotation
42:29 Herbal Medicine
43:23 Druzhina
44:12 Chain Barding Armor
44:52 Blast Furnace
44:08 Chain Mail Armor
43:56 Town Patrol
46:28 Chemistry
45:34 Siege Engineers
45:30 Spies/Treason
46:59 Fishing Lines
47:54 Coinage
48:01 Plate Barding Armor
47:58 Plate Mail Armor
47:29 Padded Archer Armor
48:39 Elite Boyar
48:52 Sappers
49:30 Siege Ram
51:32 Leather Archer Armor
DeathBlack
6:27 Loom
9:59 Feudal Age
10:33 Double-Bit Axe
12:47 Wheelbarrow
12:24 Horse Collar
19:58 Castle Age
18:46 Gold Mining
19:31 Scale Barding Armor
20:08 Bloodlines
21:05 Husbandry
23:40 Chain Barding Armor
31:01 Bow Saw
35:03 Gold Shaft Mining
34:30 Heavy Plow
34:57 Hand Cart
34:28 Town Watch
40:45 Imperial Age
38:11 Pikeman
38:52 Scale Mail Armor
40:51 Cavalier
42:08 Plate Barding Armor
41:11 Heavy Scorpion
41:34 Light Cavalry
43:13 Chain Mail Armor
42:29 Halberdier
45:32 Paladin
46:45 Arson
46:33 Spies/Treason
zelvos
11:09 Feudal Age
11:25 Champi Runner
15:18 Forging
22:09 Castle Age
24:46 Horse Collar
24:55 Double-Bit Axe
26:38 Heavy Plow
26:22 Pikeman
27:29 Scale Mail Armor
27:54 Bow Saw
28:07 Squires
30:39 Wheelbarrow
31:27 Stone Mining
33:08 Gold Mining
33:59 Loom
34:40 Caravan
41:16 Imperial Age
41:18 Iron Casting
43:36 Crop Rotation
Alaresun
10:11 Feudal Age
11:19 Double-Bit Axe
11:15 Horse Collar
11:31 Loom
11:41 Loom
11:53 Gold Mining
15:05 Stone Mining
19:29 Castle Age
18:00 Scale Barding Armor
19:30 Forging
20:15 Bloodlines
20:33 Husbandry
22:29 Wheelbarrow
25:42 Iron Casting
26:45 Bow Saw
27:05 Chain Barding Armor
27:53 Fletching
29:24 Hand Cart
29:24 Caravan
30:46 Heavy Plow
31:17 Town Watch
32:12 Gold Shaft Mining
36:42 Imperial Age
36:24 Fervor
37:14 Ballistics
36:50 Murder Holes
36:56 Bodkin Arrow
36:59 Elite Mameluke
38:09 Conscription
38:59 Plate Barding Armor
39:27 Blast Furnace
39:58 Two-Man Saw
40:06 Onager
tommy bobbins
8:53 Loom
11:23 Feudal Age
16:36 Castle Age
14:46 Horse Collar
15:40 Double-Bit Axe
18:00 Gold Mining
18:43 Bow Saw
24:04 Fletching
28:52 Wheelbarrow
28:15 Bodkin Arrow
29:39 Ballistics
31:03 Hand Cart
31:57 Padded Archer Armor
32:19 Thumb Ring
33:56 Heavy Plow
36:58 Imperial Age
35:19 Leather Archer Armor
37:38 Elite Magyar Huszar
38:51 Conscription
39:15 Scale Barding Armor
39:11 Bracer
39:41 Ring Archer Armor
41:52 Chain Barding Armor
43:43 Parthian Tactics
42:39 Heavy Cavalry Archer
Waj
2:47 Loom
12:29 Feudal Age
17:24 Castle Age
15:15 Double-Bit Axe
17:06 Forging
17:02 Scale Barding Armor
17:10 Horse Collar
20:10 Husbandry
21:01 Bloodlines
26:15 Iron Casting
26:01 Chain Barding Armor
26:16 Heavy Plow
27:05 Wheelbarrow
32:07 Hand Cart
31:40 Town Watch
33:39 Town Patrol
36:38 Imperial Age
34:48 Marauders
36:52 Elite Tarkan
Connection lost

Rejoining the realm…

Still unreachable

The connection could not be restored.

Session expired

The server has moved on; the page needs a fresh start.